 Dungeon Crawl Stone Soup version 0.28.0-43-g3370ac3207 (webtiles) character file.

Game seed: 14928695551090296077

90 Kaptain the Digger (level 4, -16/26 HPs)
             Began as a Gargoyle Earth Elementalist on Mar 25, 2022.
             Killed from afar by Ijyb (27 damage)
             ... with a bolt of acid
             ... on level 3 of the Dungeon.
             The game lasted 00:05:34 (2429 turns).

Kaptain the Digger (Gargoyle Earth Elementalist)    Turns: 2429, Time: 00:05:35

Health: -16/26     AC:  1    Str: 12    XL:     4   Next: 56%
Magic:  3/7        EV: 12    Int: 17    God:
Gold:   40         SH:  0    Dex: 10    Spells: 7/8 levels left

rFire   . . .      SeeInvis .   e - +0 falchion
rCold   . . .      Faith    .   (no shield)
rNeg    + . .      Spirit   .   b - +0 robe
rPois   ∞          Reflect  .   (no helmet)
rElec   +          Harm     .   (no cloak)
rCorr   .          Rampage  .   (no gloves)
Will    .....                   (no boots)
Stlth   ++........              (no amulet)
HPRegen 0.08/turn               (no ring)
MPRegen 0.10/turn               (no ring)

@: corroded
A: sickness immunity, AC +3, negative energy resistance 1, electricity
resistance, torment resistance 1, petrification resistance
a: no special abilities


You were on level 3 of the Dungeon.
You visited 1 branch of the dungeon, and saw 3 of its levels.

You collected 100 gold pieces.
You spent 60 gold pieces at shops.

Inventory:

Hand Weapons
 e - a +0 falchion (weapon)
 f - a +0 short sword
Missiles
 c - 10 stones
 g - 3 poisoned darts
Armour
 b - a +0 robe (worn)
Scrolls
 a - a scroll of enchant armour {unknown}
 d - 2 scrolls of identify {unknown}
 h - 3 scrolls of teleportation {unknown}
 i - a scroll of blinking {unknown}
 j - a scroll of noise {unknown}
 m - a scroll of fog {unknown}
Potions
 k - a potion of heal wounds
 l - a potion of curing {unknown}
 n - a potion of flight {unknown}


   Skills:
 * Level 1.9 Fighting
 + Level 1.1 Armour
 + Level 1.8 Dodging
 - Level 2.1 Stealth
 * Level 2.5 Spellcasting
 * Level 1.7 Conjurations
 - Level 0.7 Transmutations
 * Level 4.3 Earth Magic


You had 7 spell levels left.
You knew the following spells:

 Your Spells              Type           Power      Damage    Failure   Level
a - Sandblast             Erth           32%        2d9       3%          1

Your spell library contained the following spells:

 Spells                   Type           Power      Damage    Failure   Level
 Passwall                 Tmut/Erth      8%         N/A       10%         2
 Stone Arrow              Conj/Erth      24%        3d8       16%         3
 Corpse Rot               Necr/Air       4%         N/A       28%         2
 Poisonous Vapours        Pois/Air       4%         N/A       28%         2
 Petrify                  Tmut/Erth      10%        N/A       54%         4


Dungeon Overview and Level Annotations

Branches:
Dungeon (3/15)

Altars:

Shops:
D:2 *!?=

Annotations:
D:3 Ijyb


Innate Abilities, Weirdness & Mutations

You are immune to sickness and miasma.
Your stone body is resilient. (AC +3)
You are immune to poison.
You resist negative energy. (rN+)
You are resistant to electric shocks. (rElec)
You are resistant to unholy torment.
You are immune to petrification.


Message History

Unknown command.
Unknown command.
Found a stone staircase leading up.
Found a spear.
Ijyb and a goblin come into view.
Ijyb is wielding a +0 dagger and carrying a wand of acid (5).
Found a lumpy sapphire potion.
Found a long sword.
Casting: Sandblast (safe; 3% risk of failure)
Confirm with . or Enter, or press ? or * to list all spells.
Aiming: Sandblast (safe; 3% risk of failure)
Press: ? - help, Shift-Dir - straight line, f - Ijyb
Aim: Ijyb, wielding a +0 dagger, wearing a +0 scale mail and carrying a wand of acid (5) (asleep, 100% to hit)
The blast of sand hits Ijyb.
Ijyb is moderately wounded.
Ijyb shouts!
You hear a shout!
Casting: Sandblast (safe; 3% risk of failure)
Confirm with . or Enter, or press ? or * to list all spells.
Aiming: Sandblast (safe; 3% risk of failure)
Press: ? - help, Shift-Dir - straight line, f/p - Ijyb
Aim: Ijyb, wielding a +0 dagger, wearing a +0 scale mail and carrying a wand of acid (5) (moderately wounded, 77% to hit)
The blast of sand misses Ijyb.
Casting: Sandblast (safe; 3% risk of failure)
Confirm with . or Enter, or press ? or * to list all spells.
Aiming: Sandblast (safe; 3% risk of failure)
Press: ? - help, Shift-Dir - straight line, f/p - Ijyb
Aim: Ijyb, wielding a +0 dagger, wearing a +0 scale mail and carrying a wand of acid (5) (lightly wounded, 77% to hit)
The blast of sand hits Ijyb but does no damage.
Ijyb is lightly wounded.
Ijyb zaps a wand.
The bolt of acid hits you!
Ouch! That really hurt!
The acid corrodes you!
Casting: Sandblast (safe; 3% risk of failure)
Confirm with . or Enter, or press ? or * to list all spells.
Aiming: Sandblast (safe; 3% risk of failure)
Press: ? - help, Shift-Dir - straight line, f/p - Ijyb
Aim: Ijyb, wielding a +0 dagger, wearing a +0 scale mail and carrying a wand of acid (4) (lightly wounded, 77% to hit)
The blast of sand misses Ijyb.
Ijyb zaps a wand.
The bolt of acid hits you!!
Ouch! That really hurt!
You die...

#.###.............. #.#
#.#...............#
#.###.#............ .)
.....................##.
..###...................
.###.......###..##....g
......##.#.......#..#
.###.###.#..##.....##...
.# #. #.#..#..#@g.g..#
.# #.###......###.!#....
.# #..........# ....#..
####....................
#............####.###...
#..).........# .# #.
#..#.........####.#
..##..............#
..##.#####...........


You could see Ijyb and a goblin.

Vanquished Creatures
  2 adders (D:2)
  A worm (D:2)
  3 dart slugs
  8 endoplasms
  2 giant cockroaches (D:2)
  9 goblins
  7 hobgoblins
  10 kobolds
  4 quokkas
  4 ball pythons
  3 bats
  4 rats
57 creatures vanquished.

Notes
Turn   | Place    | Note
-------+----------+-------------------------------------------
     0 | D:1      | Kaptain the Gargoyle Earth Elementalist began the quest for
                  | the Orb.
     0 | D:1      | Reached XP level 1. HP: 10/10 MP: 3/3
   122 | D:1      | Reached XP level 2. HP: 16/16 MP: 0/5
   646 | D:1      | Found a faded altar of an unknown god.
   722 | D:1      | Reached skill level 1 in Fighting
   722 | D:1      | Reached skill level 1 in Conjurations
   803 | D:1      | Reached XP level 3. HP: 20/20 MP: 3/6
   808 | D:1      | Reached skill level 4 in Earth Magic
  1295 | D:2      | Found Vuthramyst's Distillery.
  1315 | D:2      | Found Uhoasei's Assorted Antiques.
  1356 | D:2      | Bought a potion of heal wounds for 60 gold pieces
  1475 | D:2      | Found Haunah's Magic Scroll Shop.
  1541 | D:2      | Reached XP level 4. HP: 24/25 MP: 1/7
  1737 | D:2      | Reached skill level 1 in Armour
  2074 | D:2      | Found Ucaot's Jewellery Boutique.
  2424 | D:3      | Noticed Ijyb
  2429 | D:3      | Killed from afar by Ijyb

Illustrated notes

Levels and vault maps discovered:
D:1:      minmay_arrival_wavy_path, layout_loops_cross,
          shapermc_ecumenical_altar_mp_urbaneastern
D:2:      minmay_recursive_quarters, layout_basic, serial_shops, shop, shop,
          nicolae_shop_advertising_works [nicolae_subvault_shop_adworks],
          nicolae_square_shop
D:3:      layout_rooms, minivault_24, minmay_misc_feat_enclosed,
          kennysheep_doodads, uniq_ijyb

Skill      XL: |  1  2  3  4 |
---------------+-------------+-----
Fighting       | 1 |  1.9
Conjurations   | 1 |  1.7
Earth Magic    | 4 |  4.3
Armour         | 1 |  1.1
Dodging        | |  1.8
Stealth        | |  2.1
Spellcasting   | |  2.5
Transmutations | |  0.7

Action                   |  1- 3 |  4- 6 || total
-------------------------+-------+-------++-------
Melee: Falchion          |     9 |       ||     9
 Cast: Sandblast         |    52 |    31 ||    83
Armor: Robe              |    10 |     1 ||    11
Dodge: Dodged            |     8 |     8 ||    16
